 Dungeon Crawl Stone Soup version 0.28.0 (console) character file.

Game seed: 15011250325103872784

72 Garrluk the Changer (level 4, -3/38 HPs)
             Began as a Deep Dwarf Transmuter on Feb 12, 2022.
             Slain by a worm (6 damage)
             ... on level 3 of the Dungeon.
             The game lasted 00:06:16 (883 turns).

Garrluk the Changer (Deep Dwarf Transmuter)          Turns: 883, Time: 00:06:16

Health: -3/38      AC:  2    Str: 13    XL:     4   Next: 7%
Magic:  5/7        EV: 12    Int: 16    God:
Gold:   8          SH:  0    Dex: 13    Spells: 4/7 levels left

rFire   . . .      SeeInvis .   b - +0 hand axe
rCold   . . .      Faith    .   (no shield)
rNeg    . . .      Spirit   .   a - +0 robe
rPois   .          Reflect  .   (no helmet)
rElec   .          Harm     .   (no cloak)
rCorr   .          Rampage  .   (no gloves)
Will    .....                   (no boots)
Stlth   +.........              (no amulet)
HPRegen 0.00/turn               (no ring)
MPRegen 0.10/turn               (no ring)

@: wereblooded (expiring)
A: damage resistance, heal wounds, sense surroundings 1, no regeneration
a: Heal Wounds


You were on level 3 of the Dungeon.
You visited 1 branch of the dungeon, and saw 3 of its levels.

You collected 8 gold pieces.

Inventory:

Hand Weapons
 b - a +0 hand axe (weapon)
Armour
 a - a +0 robe (worn)
 i - a +0 plate armour
Scrolls
 e - 2 scrolls of immolation {unknown}
 f - a scroll of identify {unknown}
 g - a scroll of blinking {unknown}
Potions
 c - 2 potions of curing {unknown}
 d - a potion of brilliance {unknown}
 h - 2 potions of heal wounds {unknown}


   Skills:
 - Level 1.2 Fighting
 * Level 1.6 Axes
 - Level 2.5 Dodging
 - Level 2.6 Unarmed Combat
 + Level 2.2 Spellcasting
 * Level 2.9 Transmutations


You had 4 spell levels left.
You knew the following spells:

 Your Spells              Type           Power      Damage    Failure   Level
a - Beastly Appendage     Tmut           22%        N/A       6%          1
b - Wereblood             Tmut           11%        N/A       10%         2

Your spell library contained the following spells:

 Spells                   Type           Power      Damage    Failure   Level
 Freeze                   Ice            4%         1d3       21%         1
 Spider Form              Tmut/Pois      6%         N/A       32%         3
 Frozen Ramparts          Ice            2%         1d2       52%         3
 Ice Form                 Ice/Tmut       6%         N/A       73%         4
 Hailstorm                Conj/Ice       1%         3d3       90%         4


Dungeon Overview and Level Annotations

Branches:
Dungeon (3/15)

Altars:
Hepliaklqana


Innate Abilities, Weirdness & Mutations

You are resistant to damage.
You can heal yourself by infusing magical energy.
You passively map a small area around you.
You do not regenerate.


Message History

You hit the worm but do no damage. The worm misses you.
You hit the worm.
The worm is lightly wounded.
You hit the worm.
The worm is moderately wounded.
The worm barely misses you.
You barely miss the worm.
The worm is lightly wounded.
The worm closely misses you.
You hit the worm but do no damage.
The worm is lightly wounded.
You barely miss the worm.
The worm is lightly wounded.
The worm bites you.
You hit the worm.
The worm is moderately wounded.
The worm bites you.
You hit the worm.
The worm is heavily wounded.
The worm closely misses you.
You hit the worm.
The worm is heavily wounded.
You barely miss the worm. You punch the worm.
The worm is severely wounded.
The worm misses you.
You hit the worm.
The worm is almost dead.
The worm barely misses you.
You completely miss the worm.
The worm is almost dead.
The worm bites you!
* * * LOW HITPOINT WARNING * * *
You hit the worm but do no damage.
The worm is severely wounded.
Your primal bloodlust is almost over.
You barely miss the worm.
The worm is severely wounded.
The worm completely misses you.
You fail to use your ability.
The worm bites you!
You die...

* , , , , #.......## *
.?....... , , ,
*.......#* * *.......#
##### *#......# , ...#
#......#
..######.####......##
, *
*..#≈§≈≈#.....@w......
#.#≈⌠>§#..########.#.
. #.#§§§≈#..# .#
#.#§§§≈#..# ,, ,
.###.##'§##.## * *
....)....[..#
......####### *
......# ......#
......# ([....#


You could see a worm.

Vanquished Creatures
  4 adders (D:2)
  A dart slug (D:2)
  5 endoplasms (D:2)
  3 giant cockroaches
  A goblin (D:2)
  5 hobgoblins
  2 kobolds (D:2)
  2 quokkas
  2 ball pythons (D:2)
  4 bats
  A frilled lizard (D:2)
  3 rats
33 creatures vanquished.

Notes
Turn   | Place    | Note
-------+----------+-------------------------------------------
     0 | D:1      | Garrluk the Deep Dwarf Transmuter began the quest for the
                  | Orb.
     0 | D:1      | Reached XP level 1. HP: 16/16 MP: 3/3
    74 | D:1      | Reached skill level 1 in Fighting
   151 | D:2      | Reached XP level 2. HP: 23/25 MP: 2/4
   202 | D:2      | Learned a level 2 spell: Wereblood
   337 | D:2      | Reached XP level 3. HP: 25/31 MP: 2/6
   351 | D:2      | Reached skill level 1 in Axes
   723 | D:2      | Reached XP level 4. HP: 17/38 MP: 4/7
   852 | D:3      | Found a hazy altar of Hepliaklqana.
   883 | D:3      | Slain by a worm

Illustrated notes

Levels and vault maps discovered:
D:1:      elethiomel_arrival_shortcut, layout_loops_ring,
          ebering_ecumenical_altar_webs, palyth_stone_intersect,
          minmay_heptomino_d4
D:2:      layout_basic, minmay_fountain_box
D:3:      layout_basic, general_overflow_altar, gammafunk_ghost_grave

Skill      XL: |  1  2  3 |
---------------+----------+-----
Fighting       | 1 |  1.2
Transmutations | 2 |  2.9
Spellcasting   | 2 |  2.2
Axes           | 1 |  1.6
Dodging        | |  2.5
Unarmed Combat | |  2.6

Action                   |  1- 3 |  4- 6 || total
-------------------------+-------+-------++-------
Melee: Hand axe          |   101 |    31 ||   132
       Kick              |     4 |       ||     4
       Punch             |     3 |     1 ||     4
 Cast: Beastly Appendage |     6 |       ||     6
       Wereblood         |    10 |     3 ||    13
 Stab: Sleeping          |     1 |       ||     1
Armor: Robe              |    19 |     4 ||    23
Dodge: Dodged            |    66 |    19 ||    85
